AoeStats
← jm260515

Fortress

509732770Analyzed
4v4 RM · 6d ago on Sep 27, 2026· 52m 46s· 8 players
Game mode
Random Map
Map size
Huge
Population
200
Speed
Normal
Resources
Standard
Victory
Conquest
Starting age
Dark Age
Ending age
Imperial Age
RankedLock teamsTeams togetherTeam positionsShared explorationLock speedFull tech treeHidden civsTurbo modeCheats
Victory
Defeat
🇲🇽 Italians · Mexico
787
+15
🇹🇷 Maya · Türkiye
768
+15
🇦🇷 Celts · Argentina
739
+17
🇧🇷 Malay · Brazil
690
+18
🇨🇴 Gurjaras · Colombia
805
-50
🇨🇴 Franks · Colombia
769
-17
🇨🇴 Khmer · Colombia
751
-16
🇨🇷 Turks · Costa Rica
682
-13
Açi
9:20 Feudal Age
11:01 Wheelbarrow
10:12 Town Watch
10:14 Double-Bit Axe
10:38 Horse Collar
18:06 Castle Age
18:56 Gold Mining
21:52 Caravan
24:16 Heavy Plow
24:32 Bow Saw
24:29 Stone Mining
30:40 Imperial Age
29:01 Hand Cart
32:44 Two-Man Saw
32:17 Crop Rotation
32:26 Stone Shaft Mining
32:06 Town Patrol
31:58 Eagle Warrior
32:24 Arson
32:40 Squires
32:55 Forging
32:46 Scale Mail Armor
33:42 Elite Eagle Warrior
35:46 Elite Plumed Archer
36:49 Conscription
37:26 Iron Casting
37:07 Chain Mail Armor
37:31 Fletching
38:16 Padded Archer Armor
39:44 Blast Furnace
39:41 Holcans
39:00 Pikeman
39:57 Masonry
40:51 Chemistry
40:08 Fortified Wall
39:29 Halberdier
41:11 Plate Mail Armor
40:58 Leather Archer Armor
40:41 Bodkin Arrow
42:21 Architecture
41:32 Treadmill Crane
42:20 Hul'che Javelineers
42:58 Ring Archer Armor
42:30 Bracer
44:27 Ballistics
44:01 Heated Shot
44:07 Murder Holes
44:06 Guard Tower
46:15 Keep
48:12 Sappers
49:21 Hoardings
50:42 Capped Ram
51:30 Siege Ram
51:34 Onager
memito101091
1:50 Loom
7:53 Feudal Age
9:54 Double-Bit Axe
10:52 Wheelbarrow
11:44 Horse Collar
13:58 Gold Mining
17:37 Castle Age
19:00 Heavy Plow
18:37 Crossbowman
19:28 Padded Archer Armor
21:41 Hand Cart
21:53 Scale Mail Armor
21:23 Pikeman
24:00 Bow Saw
24:50 Ballistics
31:25 Imperial Age
30:38 Murder Holes
30:56 Fortified Wall
33:54 Two-Man Saw
32:53 Stone Mining
33:35 Capped Ram
37:25 Chain Mail Armor
37:26 Leather Archer Armor
38:42 Chemistry
39:06 Plate Mail Armor
38:51 Forging
39:25 Elite Genoese Crossbowman
43:58 Ring Archer Armor
43:18 Fletching
93arthas
3:56 Loom
6:50 Feudal Age
7:23 Horse Collar
8:21 Double-Bit Axe
8:34 Man-at-Arms
10:00 Arson
13:40 Fletching
17:49 Castle Age
21:01 Wheelbarrow
20:30 Bodkin Arrow
22:56 Town Watch
27:09 Hand Cart
32:58 Imperial Age
34:47 Pikeman
37:15 Conscription
36:22 Halberdier
37:17 Fortified Wall
38:11 Scale Mail Armor
46:00 Caravan
47:18 Heavy Plow
48:05 Chain Mail Armor
47:43 Capped Ram
49:38 Siege Ram
TallMan00
0:41 Loom
9:24 Feudal Age
9:55 Wheelbarrow
9:08 Double-Bit Axe
11:11 Horse Collar
18:38 Castle Age
17:12 Stone Mining
18:33 Hand Cart
18:21 Heavy Plow
18:36 Bow Saw
21:04 Gold Mining
22:13 Stone Shaft Mining
22:55 Gold Shaft Mining
24:27 Town Watch
24:39 Fletching
24:55 Scale Barding Armor
24:50 Padded Archer Armor
24:16 Crossbowman
25:02 Thumb Ring
26:37 Husbandry
29:55 Imperial Age
28:24 Thumb Ring
28:56 Bodkin Arrow
29:11 Forging
30:12 Crop Rotation
31:21 Conscription
34:19 Iron Casting
33:44 Bracer
33:56 Arbalester
35:11 Leather Archer Armor
36:03 Ballistics
35:49 Siege Engineers
36:45 Chemistry
36:12 Ballistics
36:53 Chemistry
35:58 Siege Engineers
35:34 Treadmill Crane
35:40 Elite Battle Elephant
39:42 Blast Furnace
39:12 Ring Archer Armor
41:07 Elite Skirmisher
42:25 Light Cavalry
47:00 Pikeman
47:41 Squires
jm260515
1:43 Loom
6:38 Feudal Age
7:07 Double-Bit Axe
7:57 Wheelbarrow
8:04 Gold Mining
11:47 Town Watch
15:11 Castle Age
15:42 Forging
15:39 Scale Barding Armor
16:06 Hand Cart
16:03 Bow Saw
17:24 Iron Casting
17:39 Stone Mining
20:57 Husbandry
20:18 Light Cavalry
26:03 Imperial Age
26:06 Chain Barding Armor
26:26 Gold Shaft Mining
27:47 Blast Furnace
27:50 Plate Barding Armor
26:41 Cavalier
28:19 Paladin
31:14 Conscription
31:54 Ballistics
32:55 Chivalry
37:57 Crossbowman
38:04 Heavy Mounted Crossbowman
38:05 Cranequins
39:26 Caravan
39:07 Ordonnance Companies
Vimonth
1:34 Loom
8:01 Feudal Age
11:38 Horse Collar
11:50 Double-Bit Axe
12:48 Wheelbarrow
11:59 Town Watch
18:40 Arson
19:00 Gold Mining
19:01 Stone Mining
27:39 Castle Age
29:59 Stone Shaft Mining
29:38 Town Patrol
35:02 Hand Cart
37:23 Imperial Age
35:27 Bow Saw
35:55 Gold Shaft Mining
37:54 Husbandry
38:19 Husbandry
46:40 Heated Shot
46:31 Treadmill Crane
47:12 Ballistics
47:53 Chemistry
46:44 Guard Tower
47:04 Fortified Wall
46:50 Murder Holes
47:06 Masonry
tottimogo14
1:42 Loom
8:40 Feudal Age
9:07 Horse Collar
9:18 Double-Bit Axe
14:45 Arson
15:04 Gold Mining
15:04 Stone Mining
18:02 Castle Age
18:56 Bow Saw
19:28 Gold Shaft Mining
19:29 Stone Shaft Mining
18:18 Pikeman
20:37 Forging
20:28 Scale Mail Armor
21:21 Heavy Plow
26:42 Wheelbarrow
27:34 Tusk Swords
31:50 Imperial Age
32:28 Capped Ram
34:57 Hand Cart
34:29 Halberdier
36:47 Town Watch
38:34 Double Crossbow
38:50 Town Patrol
43:38 Iron Casting
43:19 Chain Mail Armor
43:10 Scale Barding Armor
44:00 Elite Ballista Elephant
46:37 Chemistry
45:59 Ballistics
45:41 Heavy Scorpion
Wobbuffet3383
1:11 Loom
12:07 Feudal Age
13:49 Man-at-Arms
14:15 Arson
22:40 Castle Age
27:18 Squires
33:39 Long Swordsman
45:37 Fletching
Connection lost

Rejoining the realm…

Still unreachable

The connection could not be restored.

Session expired

The server has moved on; the page needs a fresh start.